 Dungeon Crawl Stone Soup version 0.28-a0-465-ge2dae52223 (webtiles) character file.

Game seed: 9595084757920669537

8708 bande the Cleaver (level 11, -1/92 HPs)
             Began as a Hill Orc Fighter on Sept 13, 2021.
             Was an Elder of Okawaru.
             Slain by an orc knight (20 damage)
             ... in a bailey on Sept 14, 2021.
             The game lasted 00:22:09 (7957 turns).

bande the Cleaver (Hill Orc Fighter)                Turns: 7957, Time: 00:22:10

Health: -1/92      AC: 21    Str: 21      XL:     11   Next: 35%
Magic:  16/18      EV:  9    Int:  8      God:    Okawaru [****..]
Gold:   469        SH:  7    Dex: 17 (18) Spells: 10/10 levels left

rFire   . . .      SeeInvis .   a - +1 war axe
rCold   + . .      Faith    .   c - +0 buckler
rNeg    . . .      Spirit   .   y - +1 plate armour {rPois}
rPois   +          Reflect  .   (no helmet)
rElec   .          Harm     .   h - +0 cloak
rCorr   .          Rampage  .   f - +1 pair of gloves
Will    .....                   (no boots)
Stlth   ..........              e - amulet of regeneration
HPRegen 1.25/turn               n - ring of protection from cold
MPRegen 0.16/turn               r - +6 ring of dexterity

@: heroic
A: no striking features
a: Renounce Religion, Heroism, Finesse


You were in a bailey.
You worshipped Okawaru.
Okawaru was greatly pleased with you.
You visited 1 branch of the dungeon, and saw 9 of its levels.
You also visited: Ossuary and Bailey.

You collected 469 gold pieces.

Inventory:

Hand Weapons
 a - a +1 war axe (weapon)
 u - a +1 flail of holy wrath
Armour
 c - a +0 buckler (worn)
 f - a +1 pair of gloves (worn)
 h - a +0 cloak (worn)
 y - a +1 plate armour of poison resistance (worn)
Jewellery
 e - an amulet of regeneration (around neck)
 n - a ring of protection from cold (left hand)
 r - a +6 ring of dexterity (right hand)
Wands
 k - a wand of digging (6)
 q - a wand of iceblast (9)
Scrolls
 i - a scroll of enchant weapon
 o - 5 scrolls of blinking
 p - a scroll of amnesia
 s - 5 scrolls of teleportation
 v - 3 scrolls of identify
 x - a scroll of magic mapping
Potions
 b - 3 potions of magic
 d - 2 potions of might
 g - a potion of flight
 j - 4 potions of heal wounds
 l - 4 potions of cancellation
 m - 3 potions of brilliance
 t - 2 potions of mutation


   Skills:
 + Level 7.4(12.4) Fighting
 + Level 12.5(17.5) Axes
 + Level 8.2(13.2) Armour
 + Level 7.3(12.3) Shields
 * Level 9.9 Invocations
 * Level 7.7 Evocations


You had 10 spell levels left.
You didn't know any spells.
Your spell library contained the following spells:

 Spells                   Type           Power      Damage    Failure   Level
 Freeze                   Ice            0%         1d3       99%         1
 Corpse Rot               Necr/Air       N/A        N/A       100%        2
 Poisonous Vapours        Pois/Air       0%         N/A       100%        2
 Static Discharge         Conj/Air       0%         N/A       100%        2
 Frozen Ramparts          Ice            0%         1d2       100%        3
 Dispel Undead            Necr           0%         3d6       100%        4
 Hailstorm                Conj/Ice       0%         3d3       100%        4
 Passage of Golubria      Tloc           N/A        N/A       100%        4
 Sticky Flame             Conj/Fire      0%         2d3       100%        4
 Silence                  Hex/Air        0%         N/A       100%        5
 Lehudib's Crystal Spear  Conj/Erth      0%         10d2      100%        8
 Summon Small Mammal      Summ           Unusable   N/A       N/A         1
 Call Canine Familiar     Summ           Unusable   N/A       N/A         3
 Summon Guardian Golem    Hex/Summ       Unusable   N/A       N/A         3

Dungeon Overview and Level Annotations

Branches:
Dungeon (9/15)             Temple (0/1) D:4             Orc (0/2) D:9
Ossuary (visited)          Bailey (1/1)
   Lair: D:8-11

Altars:
Ashenzari
Cheibriados
Fedhas
Okawaru
Ru
Sif Muna
Trog
Uskayaw
Wu Jian

Shops:
D:4 (

Annotations:
D:8 1 runed translucent door, CougarLife's ghost, novice GnFi


Message History

The orc knight hits you with a +0 war axe!
The orc hits you with a +0 hand axe.
Unknown command.
You hit the orc knight but do no damage.
The orc knight is moderately wounded.
You closely miss the orc warrior. You barely miss the orc.
You hit the gnoll but do no damage. The gnoll hits you but does no damage.
The orc knight hits you with a +0 war axe!
The orc warrior hits you with a +0 broad axe!
The orc barely misses you.
You barely miss the orc knight.
The orc knight is moderately wounded.
You hit the gnoll but do no damage. You slash the orc!
You kill the orc!
You closely miss the orc warrior. The gnoll closely misses you.
The orc knight hits you but does no damage.
The orc warrior closely misses you.
You hit the orc knight but do no damage.
The orc knight is moderately wounded.
You hit the orc warrior. You hit the gnoll.
You kill the gnoll!
Okawaru accepts your kill.
The orc knight hits you with a +0 war axe!
The orc warrior hits you with a +0 broad axe!!
* * * LOW HITPOINT WARNING * * *
You closely miss the orc knight.
The orc knight is moderately wounded.
You closely miss the orc warrior.
Unknown command.
You feel much better.
The orc knight hits you with a +0 war axe!
* * * LOW HITPOINT WARNING * * *
You block the orc warrior's attack.
You feel much better.
The orc knight hits you with a +0 war axe!
The orc warrior hits you with a +0 broad axe!
* * * LOW HITPOINT WARNING * * *
You gain the combat prowess of a mighty hero.
The orc knight hits you with a +0 war axe!!
You die...

#....)..#
##.)))...##
#.........#
##.........##
#######.....⌠))...#
##.....##..oo.....##
#.......#.........#
##......)##)......##
+.......@o))...)..#
##...))).)o##.....##
#....)⌠)....#######
##.........##
#.........#
##.......##
#.......# ##.....##
♣##'''##♣


You could see an orc knight and an orc warrior (strong).

Vanquished Creatures
  A kobold demonologist (D:9)
  A hornet (D:9)
  A wraith (Ossuary)
  Eustachio (D:4)
  A wyvern (D:8)
  2 water moccasins
  An acid dragon (D:8)
  8 orc warriors
  2 black bears
  An ice beast (D:5)
  2 necrophages (D:6)
  3 centaurs
  An ogre (D:6)
  2 phantoms
  4 bullfrogs
  3 kobold brigands
  4 scorpions
  A water moccasin zombie (D:6)
  3 wights
  3 howler monkeys
  A bullfrog zombie (D:7)
  A centaur zombie (D:8)
  2 centaur skeletons (D:5)
  2 hounds (D:6)
  4 jellies
  3 bullfrog skeletons
  4 orc priests
  Ijyb (D:4)
  2 orc wizards (D:6)
  2 iguanas
  A killer bee zombie (D:8)
  2 hound skeletons
  A mummy (Ossuary)
  10 gnolls
  A howler monkey skeleton (D:5)
  9 adders
  2 shadow imps
  3 white imps
  An adder skeleton (D:2)
  2 worms
  4 dart slugs
  22 orcs
  10 bats
  8 endoplasms
  6 giant cockroaches
  27 goblins
  13 hobgoblins
  8 jackals (D:1)
  3 quokkas
  11 ball pythons
  6 frilled lizards
  4 gnoll skeletons (Ossuary)
  13 kobolds
  7 kobold skeletons (Ossuary)
  14 orc skeletons (Ossuary)
  2 rats
257 creatures vanquished.

Vanquished Creatures (others)
  An orc (D:6)
1 creature vanquished.

Grand Total: 258 creatures vanquished

Notes
Turn   | Place    | Note
-------+----------+-------------------------------------------
     0 | D:1      | bande the Hill Orc Fighter began the quest for the Orb.
     0 | D:1      | Reached XP level 1. HP: 19/19 MP: 1/1
    21 | D:1      | Reached XP level 2. HP: 25/27 MP: 2/2
   256 | D:1      | Reached skill level 3 in Axes
   361 | D:1      | Reached XP level 3. HP: 30/33 MP: 3/3
   935 | D:1      | Reached XP level 4. HP: 22/40 MP: 4/4
  1090 | D:1      | Reached skill level 4 in Axes
  1681 | D:2      | Noticed a scorpion
  1694 | D:2      | Killed a scorpion
  1695 | D:2      | Reached XP level 5. HP: 13/47 MP: 5/5
  2104 | D:2      | Reached skill level 5 in Axes
  2505 | D:3      | Found an iron altar of Okawaru.
  2521 | D:3      | Became a worshipper of Warmaster Okawaru
  2648 | D:3      | Reached XP level 6. HP: 45/53 MP: 6/6
  2685 | D:3      | Found a sacrificial altar of Ru.
  2692 | D:3      | Reached skill level 1 in Evocations
  3000 | D:3      | Found a faded altar of an unknown god.
  3272 | D:4      | Found a staircase to the Ecumenical Temple.
  3296 | D:4      | Noticed a black bear
  3303 | D:4      | Killed a black bear
  3304 | D:4      | Reached skill level 6 in Axes
  3304 | D:4      | Reached skill level 1 in Invocations
  3397 | D:4      | Noticed Ijyb
  3410 | D:4      | Killed Ijyb
  3417 | D:4      | Reached XP level 7. HP: 60/60 MP: 7/7
  3628 | D:4      | Found a blossoming altar of Fedhas.
  3652 | D:4      | Reached skill level 5 in Fighting
  3781 | D:4      | Found a bloodstained altar of Trog.
  3875 | D:4      | Found Zookin's Antique Weapon Boutique.
  3962 | D:5      | Entered Level 5 of the Dungeon
  3962 | D:5      | Noticed Eustachio
  4008 | D:4      | Killed Eustachio
  4008 | D:4      | Reached * piety under Okawaru
  4009 | D:4      | Reached skill level 7 in Axes
  4042 | D:5      | Reached skill level 5 in Armour
  4099 | D:5      | Reached skill level 5 in Shields
  4099 | D:5      | Reached XP level 8. HP: 58/68 MP: 10/10
  4673 | D:5      | Found a hide-covered altar of Uskayaw.
  4819 | D:6      | Reached skill level 8 in Axes
  4854 | D:6      | Found a sand-covered staircase.
  4860 | Ossuary  | Entered an ossuary
  4860 | Ossuary  | Noticed a wraith
  4860 | Ossuary  | Noticed a wraith
  4860 | Ossuary  | Noticed a wraith
  4918 | Ossuary  | Noticed a wraith
  4945 | Ossuary  | Killed a wraith
  4945 | Ossuary  | Reached ** piety under Okawaru
  5219 | D:6      | Reached skill level 9 in Axes
  5338 | D:6      | Reached XP level 9. HP: 73/75 MP: 12/12
  5435 | D:6      | Found an ornate altar of the Wu Jian Council.
  5488 | D:6      | Reached skill level 5 in Invocations
  5489 | D:6      | Reached *** piety under Okawaru
  5642 | D:5      | Reached skill level 10 in Axes
  6516 | D:7      | Reached **** piety under Okawaru
  6619 | D:7      | Reached skill level 5 in Evocations
  6619 | D:7      | Reached XP level 10. HP: 86/86 MP: 14/14
  6783 | D:7      | Found a snail-covered altar of Cheibriados.
  6984 | D:7      | Reached skill level 11 in Axes
  7274 | D:8      | Reached skill level 12 in Axes
  7274 | D:8      | Reached XP level 11. HP: 92/92 MP: 14/18
  7275 | D:8      | Upgraded the game from 0.28-a0-461-g2dc4ca5097 to
                  | 0.28-a0-465-ge2dae52223
  7302 | D:8      | Found a shimmering blue altar of Sif Muna.
  7322 | D:8      | Found a runed translucent door.
  7327 | D:8      | Noticed CougarLife's ghost (novice GnFi)
  7388 | D:8      | Received a gift from Okawaru
  7559 | D:9      | Found a staircase to the Orcish Mines.
  7624 | D:9      | Found a broken altar of Ashenzari.
  7697 | D:9      | Found a flagged portal.
  7718 | Bailey   | Entered a bailey
  7910 | Bailey   | Noticed an orc knight
  7957 | Bailey   | Slain by an orc knight

Illustrated notes

Levels and vault maps discovered:
D:1:      nzn_arrival_crosshair, layout_basic
D:2:      layout_basic, minmay_misc_feat_rugged, hex_large,
          minmay_quadrilaterals
D:3:      layout_loops_ring, okawaru_metal_pillars_1_2,
          nicolae_ru_sacrificial_ziggurat,
          shapermc_ecumenical_altar_mp_vishouse, lemuel_old_faithful
D:4:      layout_basic, trog_book, fedhas_altar_2,
          minmay_temple_entry_drinking_statues, serial_shops, kennysheep_mini,
          uniq_ijyb
D:5:      layout_gridville, mainiacjoe_overflow_alcove_2, hex_tiny,
          uniq_eustachio
D:6:      layout_cave_pools, kennysheep_mini_moat,
          lightli_ossuary_entry_decrepit_ruins, grunt_ministairs_2,
          minmay_misc_feat_alley, kennysheep_cross_bottleneck,
          roderic_serpentine_path, minmay_fractal_squares_gapless_5
D:7:      layout_basic, cheibrodos_worm_habitat, solitary_fountain,
          grunt_ministairs_12
D:8:      layout_rooms, led_sif_book, ebering_ghost_reflecting_pool,
          chequers_serial_rivers_room_a
D:9:      layout_rooms, ashenzari_altar_1, david_orc_3, enter_bailey_3,
          grunt_decor_arrowhead, hangedman_weighted_door
Bailey:   bailey_axe_minmay_hex_keep, bailey

Skill      XL: |  1  2  3  4  5  6  7  8  9 10 |
---------------+-------------------------------+-----
Axes           | 3 4 5 6 7 9 10 12 | 12.5
Fighting       | 4 5 6 7 |  7.4
Shields        | 4 5 7 |  7.3
Armour         | 4 5 6 8 |  8.2
Evocations     | 1 2 3 5 7 |  7.7
Invocations    | 1 3 4 6 9 |  9.9

Action                   |  1- 3 |  4- 6 |  7- 9 | 10-12 || total
-------------------------+-------+-------+-------+-------++-------
Melee: War axe           |   123 |   193 |   418 |   182 ||   916
Invok: Heroism           |       |       |       |     1 ||     1
  Use: Potion            |     1 |       |       |     3 ||     4
       Scroll            |       |     9 |     9 |     4 ||    22
Armor: Scale mail        |    63 |    90 |   104 |       ||   257
       Chain mail        |       |       |   135 |       ||   135
       Plate armour      |       |       |    55 |   105 ||   160
Dodge: Dodged            |    76 |   105 |   153 |    63 ||   397
Block: Buckler           |    39 |    41 |   102 |    63 ||   245

Table legend: (Time is in decaauts)
 A = Elapsed time spent in this place.
 B = Non-inter-level travel time spent in this place.
 C = Inter-level travel time spent in this place.
 D = Time resting spent in this place.
 E = Time spent auto-exploring this place.
 F = Levels seen in this place.
 G = Mean time per level.
                   A        B        C        D        E       F      G
               +--------+--------+--------+--------+--------+-----+--------+
         Total |   8104 |   8057 |     47 |   1128 |   4351 |  11 |  736.7 |
       Dungeon |   7515 |   7468 |     47 |    983 |   4238 |   9 |  835.0 |
       Ossuary |    359 |    359 |      0 |    145 |     98 |   1 |  359.0 |
        Bailey |    228 |    228 |      0 |      0 |     15 |   1 |  228.0 |
               +--------+--------+--------+--------+--------+-----+--------+

Top non-repeatable levels by time:
     D:2: 1448 daAuts
     D:1: 1038 daAuts
     D:5: 1006 daAuts
     D:6: 916 daAuts
     D:4: 826 daAuts
     D:3: 817 daAuts
     D:7: 733 daAuts
     D:8: 545 daAuts
 Ossuary: 359 daAuts
  Bailey: 228 daAuts
     D:9: 182 daAuts
